 Dungeon Crawl Stone Soup version 0.31-a0-774-g0d66cbabe8 (webtiles) character file.

Game seed: 15635049263075154895

111220 quakins the Warrior (level 15, -33/104 HPs)
             Began as a Deep Elf Hexslinger on Sept 17, 2023.
             Was a Priest of Jiyva.
             Killed from afar by Nikola (59 damage)
             ... with an arc of chain lightning
             ... on level 1 of the Swamp.
             The game lasted 01:51:35 (29981 turns).

quakins the Warrior (Deep Elf Hexslinger)          Turns: 29981, Time: 01:51:36

Health: -33/104    AC: 12    Str:  7 (8)  XL:     15   Next: 74%
Magic:  42/42      EV: 39    Int: 13 (18) God:    Jiyva [***...]
Gold:   337        SH:  0    Dex: 24      Spells: 9/34 levels left

rFire   + + .        P - +3 arbalest
rCold   . . .        (shield currently unavailable)
rNeg    + . .        c - +0 robe
rPois   .            J - +2 helmet {SInv}
rElec   .            x - +0 cloak
rCorr   +            (no gloves)
SInv    +            q - +1 pair of boots {Fly}
Will    +....        a - amulet of the acrobat
Stlth   +++          G - +4 ring of protection
HPRegen 1.12/turn    H - ring "Piebeez" {rN+ MP+9 Int-5 Dex+3 SInv}
MPRegen 0.63/turn

%: acrobat
@: weak-willed, liquefying, acrobatic, flying, inhibited regen, slowed movement,
very slow
A: talons 1, clever 1, deterioration 1, fire resistance 2, high MP 1,
strong-willed 2, inhibited regeneration, strong 1, wild magic 2, engulf
}: 1/15 runes: slimy
a: Renounce Religion, Oozemancy


You were on level 1 of the Swamp.
You worshipped Jiyva.
Jiyva was most pleased with you.
You visited 6 branches of the dungeon, and saw 29 of its levels.
You also visited: Bailey.

You collected 1274 gold pieces.
You spent 937 gold pieces at shops.

Inventory:

Hand Weapons
 P - a +3 arbalest (weapon)
Missiles
 v - 4 throwing nets
Armour
 c - a +0 robe (worn)
 q - a +1 pair of boots of flying (worn)
 x - a +0 cloak (worn)
 J - a +2 helmet of see invisible (worn)
Jewellery
 a - an amulet of the acrobat (around neck)
 h - a ring of magical power
 u - a ring of willpower
 G - a +4 ring of protection (left hand)
 H - the ring "Piebeez" (right hand) {rN+ MP+9 Int-5 Dex+3 SInv}
   (You found it on level 5 of the Lair of Beasts)

   [ring of positive energy]

   Int-5:     It affects your intelligence (-5).
   Dex+3:     It affects your dexterity (+3).
   rN+:       It protects you from negative energy.
   MP+9:      It affects your magic capacity (+9).
   SInv:      It lets you see invisible.
Talismans
 r - a blade talisman
Wands
 s - a wand of flame (36)
 A - a wand of paralysis (11)
 D - a wand of roots (12)
 I - a wand of mindburst (7)
Scrolls
 f - 2 scrolls of amnesia
 j - 6 scrolls of teleportation
 l - a scroll of torment
 t - 2 scrolls of vulnerability
 w - a scroll of silence {unknown}
 y - 4 scrolls of immolation
 B - 2 scrolls of fear
 K - a scroll of enchant armour {unknown}
Potions
 d - a potion of cancellation {unknown}
 e - 3 potions of ambrosia
 g - 2 potions of lignification {unknown}
 i - 2 potions of curing
 k - 2 potions of heal wounds
 n - 6 potions of enlightenment {unknown}
 o - 6 potions of might
 p - a potion of brilliance {unknown}
 z - a potion of attraction {unknown}
 C - 2 potions of haste {unknown}
 F - a potion of mutation {unknown}
 N - 2 potions of berserk rage {unknown}
 O - a potion of invisibility {unknown}
Miscellaneous
 b - a phial of floods (inert)


   Skills:
 - Level 16.0 Fighting
 + Level 15.0 Ranged Weapons
 - Level 14.0 Dodging
 - Level 2.0 Stealth
 - Level 10.0 Spellcasting
 - Level 14.0 Hexes
 - Level 5.0 Translocations
 - Level 3.0 Fire Magic
 - Level 3.0 Air Magic
 - Level 3.0 Earth Magic


You had 9 spell levels left.
You knew the following spells:

 Your Spells              Type           Power      Damage    Failure   Level
a - Jinxbite              Hex            100%       N/A       1%          2
b - Inner Flame           Hex/Fire       45%        N/A       4%          3
c - Sigil of Binding      Hex            62%        N/A       1%          3
d - Dimensional Bullseye  Hex/Tloc       24%        N/A       7%          4
e - Leda's Liquefaction   Hex/Erth       22%        N/A       9%          4
f - Cause Fear            Hex            31%        N/A       2%          4
g - Swiftness             Air            22%        N/A       21%         3
h - Ensorcelled Hibernat  Hex/Ice        78%        N/A       3%          2

Your spell library contained the following spells:

 Spells                   Type           Power      Damage    Failure   Level
 Apportation              Tloc           62%        N/A       4%          1
 Shock                    Conj/Air       64%        1d7       14%         1
 Passwall                 Tmut/Erth      13%        N/A       19%         2
 Poisonous Vapours        Pois/Air       32%        N/A       19%         2
 Necrotise                Necr           40%        1d6       22%         1
 Summon Small Mammal      Summ           40%        N/A       22%         1
 Cigotuvi's Dreadful Rot  Necr/Pois/Air  28%        N/A       22%         2
 Passage of Golubria      Tloc           31%        N/A       28%         4
 Mephitic Cloud           Conj/Pois/Air  14%        N/A       38%         3
 Vhi's Electric Charge    Tloc/Air       54%        N/A       38%         4
 Call Canine Familiar     Summ           10%        N/A       50%         3
 Flame Wave               Conj/Fire      16%        2d7       69%         4
 Petrify                  Tmut/Erth      16%        N/A       69%         4
 Sticky Flame             Conj/Fire      16%        2d4       69%         4
 Arcjolt                  Conj/Air       8%         1d18      94%         5
 Freezing Cloud           Conj/Ice/Air   7%         6-21      96%         5
 Alistair's Intoxication  Tmut/Pois      6%         N/A       99%         5
 Conjure Ball Lightning   Conj/Air       8%         3x3d6     100%        6
 Plasma Beam              Fire/Air       11%        2x1d22    100%        6
 Simulacrum               Ice/Necr       5%         N/A       100%        6
 Ozocubu's Refrigeration  Ice            5%         4d8       100%        7
 Polar Vortex             Ice            5%         N/A       100%        9


Dungeon Overview and Level Annotations

Branches:
Dungeon (15/15)            Temple (1/1) D:4            Lair (5/5) D:8
  Swamp (1/4) Lair:2        Snake (0/4) Lair:2        Slime (5/5) Lair:4
    Orc (2/2) D:12            Elf (0/3) Orc:2        Vaults (0/5) D:14
 Depths (0/4) D:15         Bailey (visited)

Altars:
Ashenzari
Cheibriados
Dithmenos
Elyvilon
Fedhas
Gozag
Hepliaklqana
Kikubaaqudgha
Makhleb
Nemelex Xobeh
Okawaru
Qazlal
Ru
Sif Muna
Trog
Uskayaw
Vehumet
Wu Jian
Xom
Yredelemnul
Zin
The Shining One
Jiyva

Shops:
D:2 [   D:6 (   D:11 *:[   Orc:2 (!*[(=

Portals:
Trove: D:15 (give 12 potions of heal wounds)

Annotations:
D:3 1 runed translucent door, pokeman's ghost, amateur DEHW
D:10 1 runed translucent door
Lair:2 exclusion: hydra
Swamp:1 Nikola
Slime:5 Royal Jelly


Innate Abilities, Weirdness & Mutations

You have sharp toenails.
Your mind is acute. (Int +4, Str/Dex -1)
Your body sometimes deteriorates upon taking damage.
Your flesh is very heat resistant. (rF++)
You have an increased reservoir of magic. (+10% MP)
You are highly strong-willed. (Will++)
You do not regenerate when monsters are visible.
Your muscles are strong. (Str +4, Int/Dex -1)
Your spells are harder to cast, but more powerful.
Your melee attacks may engulf your foes in ooze.


Message History

Aim: Nikola, wielding a +2 rapier of electrocution, wearing a +0 cloak and wearing a +1 pair of gloves of dexterity (lightly wounded, covering ground slowly, 77% to hit)
You shoot a bolt. The bolt closely misses Nikola.
Fire: P) +3 arbalest
Press: ? - help, Q - select action, (/) - cycle Shift-Dir - straight line, f/p - Nikola
Aim: Nikola, wielding a +2 rapier of electrocution, wearing a +0 cloak and wearing a +1 pair of gloves of dexterity (lightly wounded, covering ground slowly, 77% to hit)
You shoot a bolt. The bolt barely misses Nikola.
Nikola says, "You don't look like a good insulator."
Fire: P) +3 arbalest
Press: ? - help, Q - select action, (/) - cycle Shift-Dir - straight line, f/p - Nikola
Aim: Nikola, wielding a +2 rapier of electrocution, wearing a +0 cloak and wearing a +1 pair of gloves of dexterity (lightly wounded, 77% to hit)
You shoot a bolt. The bolt closely misses Nikola.
Fire: P) +3 arbalest
Press: ? - help, Q - select action, (/) - cycle Shift-Dir - straight line, f/p - Nikola
Aim: Nikola, wielding a +2 rapier of electrocution, wearing a +0 cloak and wearing a +1 pair of gloves of dexterity (lightly wounded, 77% to hit)
You shoot a bolt. The bolt hits Nikola!!
Nikola is moderately wounded.
Nikola hits you with a +2 rapier of electrocution.
Fire: P) +3 arbalest
Press: ? - help, Q - select action, (/) - cycle Shift-Dir - straight line, f/p - Nikola
Aim: Nikola, wielding a +2 rapier of electrocution, wearing a +0 cloak and wearing a +1 pair of gloves of dexterity (moderately wounded, 77% to hit)
You shoot a bolt. The bolt hits Nikola!!
Nikola is heavily wounded.
Nikola closely misses you.
Nikola hits you with a +2 rapier of electrocution!
Fire: P) +3 arbalest
Press: ? - help, Q - select action, (/) - cycle Shift-Dir - straight line, f/p - Nikola
Aim: Nikola, wielding a +2 rapier of electrocution, wearing a +0 cloak and wearing a +1 pair of gloves of dexterity (heavily wounded, 77% to hit)
You shoot a bolt. The bolt hits Nikola!!
Nikola is heavily wounded.
Nikola gestures wildly while chanting.
Lightning arcs from Nikola's hands!
The bolt of lightning hits you!!!
Ouch! That really hurt!
* * * LOW HITPOINT WARNING * * *
Your body deteriorates!
You feel weakened.
A bolt of lightning appears from out of thin air!
The bolt of lightning hits Nikola.
Nikola casts a spell.
Lightning arcs from Nikola's hands!
The bolt of lightning hits you!!!
Ouch! That really hurt!
You die...

~....♣♣♣♣..~~♣
§.~.
.~♣♣♣♣♣♣.~♣..♣♣♣♣
~.~~ .~♣
♣..~.......~♣
}.~.~ .♣♣
♣♣♣..~..♣.♣♣♣
♣♣.~.~ ♣♣
♣~...~~.♣♣ ...~
♣♣♣♣~♣♣♣.>♣ ♣♣.†♣
♣.♣♣♣♣♣♣.~♣♣♣♣@†.♣
♣~♣♣.♣..~~~♣♣~..♣
♣~~.~.....~~.@~♣♣
♣♣~~.~...♣.~...♣♣
♣.~~~~~.♣♣♣)..♣♣
♣♣~~~.~.♣ ♣.~.♣
♣♣...§~.♣ ♣♣~♣♣
♣~§~~♣..♣ ♣..♣
♣♣~..~~~♣♣ ♣~†♣♣
♣♣~~.~.~.♣ ♣~~.♣
♣........♣ ♣♣.♣♣


You could see Nikola.

Vanquished Creatures
  Roxanne (Swamp:1)
  A fenstrider witch (Swamp:1)
  2 orc warlords
  2 eleionomae (Swamp:1)
  An ettin (D:15)
  Josephine (Lair:5)
  3 ghost crabs
  5 hydras
  A catoblepas (Lair:5)
  2 death knights
  6 centaur warriors
  4 two-headed ogres
  6 boulder beetles
  6 death yaks (Lair:5)
  A deep troll shaman (Lair:5)
  2 orc high priests
  2 spriggans (Swamp:1)
  A tengu warrior (D:13)
  Urug (Lair:5)
  Nergalle (Orc:2)
  2 goliath frogs (Swamp:1)
  A deep troll (D:15)
  A swamp dragon (Swamp:1)
  A bog body (Swamp:1)
  3 orc knights (Orc:2)
  2 wizards (D:14)
  2 harpies
  A deep elf pyromancer (D:15)
  5 orc sorcerers
  14 ugly things
  A necromancer (D:15)
  6 cyclopes
  A manticore (D:14)
  5 black mambas
  24 elephants
  A torpor snail (Lair:5)
  Joseph (Lair:1)
  10 cane toads
  2 gargoyles (D:12)
  An unseen horror (D:11)
  2 freezing wraiths (D:14)
  3 rime drakes
  2 kobold demonologists (D:13)
  A tengu conjurer (D:15)
  7 komodo dragons
  11 trolls
  5 tyrant leeches (Swamp:1)
  5 polar bears
  2 hornets (Swamp:1)
  20 blink frogs
  A shadow (D:9)
  11 wraiths
  6 wyverns
  23 yaks
  3 fire elementals (D:15)
  6 basilisks
  7 vampire mosquitoes
  3 wargs
  4 swamp worms (Swamp:1)
  A spectral cane toad (Lair:2)
  2 nagas (Lair:2)
  16 water moccasins
  3 acid dragons
  4 black bears
  2 sky beasts (D:7)
  31 orc warriors
  A centaur (D:6)
  An ice beast (D:7)
  22 wolves
  A boggart (D:14)
  2 phantoms
  5 ogres
  Blork the orc (D:6)
  10 bullfrogs
  11 kobold brigands
  2 gnoll sergeants
  A spectral water moccasin (Lair:2)
  2 scorpions
  7 wights
  3 jellies
  3 killer bees (D:9)
  A howler monkey (shapeshifter) (D:15)
  A howler monkey (D:6)
  An electric eel (D:10)
  2 hounds (D:6)
  2 lava snakes (D:15)
  19 orc priests
  A sleepcap (D:7)
  5 iguanas
  Terence (D:2)
  24 orc wizards
  A hound zombie (D:3)
  13 gnolls
  3 adders
  3 shadow imps
  2 white imps (D:7)
  An ufetubus (D:6)
  An adder zombie (D:3)
  2 dart slugs
  55 orcs
  7 ball pythons
  2 bats
  7 endoplasms (D:1)
  2 giant cockroaches
  10 goblins
  5 hobgoblins
  7 jackals
  32 kobolds
  6 quokkas
  2 frilled lizards (D:1)
  4 rats
608 creatures vanquished.

Vanquished Creatures (collateral kills)
  Snorg (Lair:4)
  A satyr (shapeshifter) (D:15)
  A two-headed ogre (D:8)
  2 spectral death yaks (Lair:2)
  3 cane toads
  A komodo dragon (D:8)
  A hornet (D:8)
  A blink frog (D:8)
  A spectral elephant (Lair:2)
  A wyvern (D:8)
  A wraith (Lair:5)
  A spectral komodo dragon (Lair:2)
  A basilisk (Lair:1)
  A water moccasin (D:8)
  2 wolves (D:8)
  A kobold brigand (D:10)
  2 wights (D:7)
  An electric eel (D:10)
  A kobold (D:10)
24 creatures vanquished.

Vanquished Creatures (others)
  A centaur warrior (D:13)
  An alligator (Swamp:1)
  A tengu warrior (D:15)
  A deep troll (D:15)
  A wizard (D:14)
  An ugly thing (D:12)
  An orc sorcerer (Orc:2)
  A kobold demonologist (D:9)
  A yaktaur (D:15)
  9 slime creatures
  A basilisk (D:15)
  2 water moccasins (D:8)
  2 orc warriors
  An ogre (D:4)
  A black bear (D:4)
  3 wolves (Lair:5)
  2 centaurs (D:9)
  2 kobold brigands
  2 killer bees (D:9)
  2 howler monkeys (D:9)
  133 jellies
  3 orc priests
  A hound (D:6)
  A sleepcap (D:6)
  2 orc wizards
  5 gnolls
  2 adders (D:6)
  7 endoplasms
  11 orcs
  A giant cockroach (D:4)
  A goblin (D:8)
  12 kobolds
215 creatures vanquished.

Grand Total: 847 creatures vanquished

Notes
Turn   | Place    | Note
-------+----------+-------------------------------------------
     0 | D:1      | quakins the Deep Elf Hexslinger began the quest for the
                  | Orb.
     0 | D:1      | Reached XP level 1. HP: 11/11 MP: 5/5
   202 | D:1      | Reached XP level 2. HP: 14/16 MP: 6/6
   298 | D:1      | Reached skill level 1 in Stealth
   447 | D:1      | Reached XP level 3. HP: 20/20 MP: 7/7
   566 | D:1      | Found a faded altar of an unknown god.
   626 | D:1      | Prayed at the altar of an unknown god.
   626 | D:1      | Became a worshipper of Jiyva Jityshen the Shapeless
   626 | D:1      | Reached * piety under Jiyva
   924 | D:2      | Noticed Terence
   993 | D:2      | Learned a level 2 spell: Jinxbite
   997 | D:2      | Learned a level 3 spell: Inner Flame
  1165 | D:2      | Killed Terence
  1166 | D:2      | Reached skill level 5 in Ranged Weapons
  1166 | D:2      | Reached XP level 4. HP: 6/24 MP: 8/8
  1228 | D:2      | Reached ** piety under Jiyva
  1488 | D:2      | Found Figigeh's Armour Shoppe.
  1913 | D:3      | Reached *** piety under Jiyva
  1922 | D:3      | Found a runed translucent door.
  1922 | D:3      | Noticed pokeman's ghost (amateur DEHW)
  1953 | D:3      | Reached XP level 5. HP: 23/28 MP: 11/11
  1982 | D:3      | Gained mutation: You have large cloven feet. [Jiyva's
                  | grace]
  1982 | D:3      | Gained mutation: You have hoof-like feet. [Jiyva's grace]
  1982 | D:3      | Gained mutation: You have hooves in place of feet. [Jiyva's
                  | grace]
  1982 | D:3      | Gained mutation: Your body has grown eyes which may confuse
                  | attackers. (Acc +3) [Jiyva's grace]
  2038 | D:3      | Found a basalt altar of Yredelemnul.
  2303 | D:3      | Learned a level 3 spell: Sigil of Binding
  2493 | D:3      | Found a shadowy altar of Dithmenos.
  2616 | D:4      | Found a staircase to the Ecumenical Temple.
  2646 | D:4      | Reached **** piety under Jiyva
  2657 | Temple   | Entered the Ecumenical Temple
  2708 | D:4      | Found a sparkling altar of Nemelex Xobeh.
  2929 | D:4      | Got a torn book
  3060 | D:4      | Found an iron altar of Okawaru.
  3096 | D:4      | Found a glowing silver altar of Zin.
  3277 | D:5      | Entered Level 5 of the Dungeon
  3277 | D:5      | Noticed an ogre
  3277 | D:5      | Noticed an ogre
  3294 | D:4      | Killed an ogre
  3295 | D:4      | Reached XP level 6. HP: 33/33 MP: 12/12
  3451 | D:4      | Reached XP level 7. HP: 20/37 MP: 13/13
  3966 | D:5      | Found a white marble altar of Elyvilon.
  3966 | D:5      | Reached ***** piety under Jiyva
  3985 | D:5      | Reached skill level 10 in Ranged Weapons
  3985 | D:5      | Reached skill level 1 in Fighting
  4326 | D:6      | Reached skill level 2 in Fighting
  4328 | D:6      | Noticed Blork the orc
  4334 | D:6      | Killed Blork the orc
  4357 | D:6      | Found Ajuekhedd's Antique Weapon Shoppe.
  4373 | D:6      | Reached skill level 3 in Fighting
  4408 | D:6      | Reached XP level 8. HP: 46/46 MP: 14/14
  4418 | D:6      | Reached skill level 4 in Fighting
  4420 | D:6      | Reached skill level 5 in Hexes
  4454 | D:6      | Lost mutation: Your body has grown eyes which may confuse
                  | attackers. (Acc +3) [Jiyva's grace]
  4454 | D:6      | Gained mutation: You passively dampen the noise of your
                  | surroundings. [Jiyva's grace]
  4454 | D:6      | Gained mutation: Your muscles are strong. (Str +4, Int/Dex
                  | -1) [Jiyva's grace]
  4454 | D:6      | Gained mutation: Your muscles are very strong. (Str +8,
                  | Int/Dex -2) [Jiyva's grace]
  4454 | D:6      | Gained mutation: You have a pair of small horns on your
                  | head. [Jiyva's grace]
  4512 | D:6      | Identified the +6 long sword of Nubboigg {drain, Str+5
                  | Dex-2}
  4622 | D:6      | Found a hazy altar of Hepliaklqana.
  5442 | D:7      | Reached XP level 9. HP: 46/52 MP: 15/15
  5704 | D:8      | Found an ancient bone altar of Kikubaaqudgha.
  5855 | D:7      | Reached skill level 5 in Dodging
  5887 | D:8      | Found a staircase to the Lair.
  5890 | D:8      | Reached skill level 5 in Fighting
  5968 | D:8      | Reached ****** piety under Jiyva
  6055 | D:8      | Noticed a two-headed ogre
  6086 | D:8      | Killed a two-headed ogre
  6087 | D:8      | Reached XP level 10. HP: 42/60 MP: 16/16
  6105 | D:8      | Noticed a two-headed ogre
  6126 | D:8      | Killed a two-headed ogre
  6127 | D:8      | Reached skill level 6 in Fighting
  6157 | D:8      | Found a hide-covered altar of Uskayaw.
  6275 | D:8      | Found a flagged portal.
  6285 | Bailey   | Entered a bailey
  6376 | Bailey   | Lost mutation: You have hooves in place of feet. [Jiyva's
                  | grace]
  6376 | Bailey   | Lost mutation: Your muscles are very strong. (Str +8,
                  | Int/Dex -2) [Jiyva's grace]
  6376 | Bailey   | Lost mutation: You passively dampen the noise of your
                  | surroundings. [Jiyva's grace]
  6376 | Bailey   | Gained mutation: Your rubbery body absorbs attacks. (AC +1,
                  | EV +1) [Jiyva's grace]
  6376 | Bailey   | Gained mutation: Your pliable body absorbs attacks. (AC +2,
                  | EV +2) [Jiyva's grace]
  6376 | Bailey   | Gained mutation: Your gelatinous body deflects attacks. (AC
                  | +3, EV +3) [Jiyva's grace]
  6376 | Bailey   | Gained mutation: You have hooves in place of feet. [Jiyva's
                  | grace]
  6417 | Bailey   | Reached skill level 7 in Fighting
  6470 | Bailey   | Identified the +4 morningstar of Dissolution {spect, rPois
                  | Will+ Str+3 Dex+3}
  6543 | Bailey   | Found a bloodstained altar of Trog.
  7850 | D:9      | Reached skill level 8 in Fighting
  8052 | D:10     | Entered Level 10 of the Dungeon
  8292 | D:10     | Found a runed translucent door.
  8325 | D:10     | Identified the +7 long sword of Lies {antimagic, Fly rF++
                  | rN+ Int-5}
  8430 | D:10     | Identified the +2 morningstar "Mamobru" {pain, Dex+2}
  8457 | D:10     | Found a burning altar of Makhleb.
  8457 | D:10     | Noticed a sixfirhy
  8559 | Lair:1   | Entered Level 1 of the Lair of Beasts
  8792 | Lair:1   | Reached XP level 11. HP: 69/69 MP: 17/17
  8857 | D:8      | Reached skill level 9 in Fighting
  9045 | Lair:1   | Found the +7 staff of the Meek {protect, meekguard}
  9216 | Lair:1   | Lost mutation: Your gelatinous body deflects attacks. (AC
                  | +3, EV +3) [Jiyva's grace]
  9216 | Lair:1   | Gained mutation: Your muscles are very strong. (Str +8,
                  | Int/Dex -2) [Jiyva's grace]
  9216 | Lair:1   | Gained mutation: You have an increased reservoir of magic.
                  | (+10% MP) [Jiyva's grace]
  9216 | Lair:1   | Gained mutation: You have a considerably increased
                  | reservoir of magic. (+20% MP) [Jiyva's grace]
  9216 | Lair:1   | Gained mutation: You have a greatly increased reservoir of
                  | magic. (+30% MP) [Jiyva's grace]
  9377 | Lair:1   | Reached skill level 5 in Spellcasting
  9451 | Lair:1   | Reached skill level 10 in Fighting
  9831 | Lair:1   | Noticed Joseph
  9838 | Lair:1   | Killed Joseph
 10212 | Lair:1   | Reached skill level 10 in Hexes
 10221 | Lair:1   | Learned a level 4 spell: Dimensional Bullseye
 10226 | Lair:1   | Learned a level 4 spell: Leda's Liquefaction
 10254 | Lair:2   | Reached skill level 1 in Translocations
 10319 | Lair:2   | Found a staircase to the Snake Pit.
 10440 | Lair:2   | Reached XP level 12. HP: 77/77 MP: 29/29
 10705 | Lair:2   | Reached skill level 10 in Dodging
 10728 | Lair:2   | Noticed a four-headed hydra
 11163 | Lair:2   | Found a staircase to the Swamp.
 11163 | Lair:2   | Noticed a ghost crab
 11163 | Lair:2   | Noticed a ghost crab
 11371 | Lair:1   | Killed a ghost crab
 11540 | Lair:1   | HP: 2/71 [spectral cane toad[a ghost crab] (13)]
 11640 | Lair:1   | Killed a ghost crab
 11725 | Lair:2   | Lost mutation: You have hooves in place of feet. [Jiyva's
                  | grace]
 11725 | Lair:2   | Lost mutation: You have hoof-like feet. [Jiyva's grace]
 11725 | Lair:2   | Lost mutation: You have large cloven feet. [Jiyva's grace]
 11725 | Lair:2   | Lost mutation: You have a greatly increased reservoir of
                  | magic. (+30% MP) [Jiyva's grace]
 11725 | Lair:2   | Gained mutation: Your mind is acute. (Int +4, Str/Dex -1)
                  | [Jiyva's grace]
 11725 | Lair:2   | Gained mutation: Your mind is very acute. (Int +8, Str/Dex
                  | -2) [Jiyva's grace]
 11725 | Lair:2   | Gained mutation: Your translucent skin slightly reduces
                  | your foes' accuracy. (Stealth+) [Jiyva's grace]
 11725 | Lair:2   | Gained mutation: Your translucent skin reduces your foes'
                  | accuracy. (Stealth+) [Jiyva's grace]
 11887 | Lair:2   | Killed a four-headed hydra
 11935 | Lair:3   | Reached skill level 5 in Translocations
 12339 | D:6      | Bought an orcbow for 84 gold pieces
 12703 | Lair:3   | You fall into a shaft and drop 1 floor!
 12824 | Lair:3   | Reached skill level 11 in Fighting
 13215 | Lair:4   | Noticed Snorg
 13353 | Lair:4   | Found a viscous altar of Jiyva.
 13354 | Lair:4   | Found a staircase to the Slime Pits.
 13363 | Slime:1  | Entered Level 1 of the Pits of Slime
 13488 | Slime:1  | Noticed an acid blob
 13513 | Slime:1  | Noticed an acid blob
 13593 | Slime:1  | Noticed an azure jelly
 13653 | Slime:2  | Noticed an acid blob
 13678 | Slime:2  | Noticed a great orb of eyes
 13696 | Slime:2  | Noticed a quicksilver ooze
 13734 | Slime:2  | Noticed an azure jelly
 13750 | Slime:2  | Noticed an azure jelly
 13792 | Slime:2  | Noticed a quicksilver ooze
 13869 | Slime:2  | Noticed an acid blob
 13979 | Slime:1  | Noticed an acid blob
 14099 | Slime:3  | Noticed a great orb of eyes
 14117 | Slime:3  | Noticed an acid blob
 14128 | Slime:3  | Noticed an azure jelly
 14149 | Slime:3  | Noticed a quicksilver ooze
 14234 | Slime:3  | Noticed an acid blob
 14307 | Slime:4  | Noticed a rockslime
 14307 | Slime:4  | Noticed an azure jelly
 14317 | Slime:4  | Noticed an acid blob
 14343 | Slime:4  | Noticed a rockslime
 14414 | Slime:4  | Noticed an acid blob
 14594 | Slime:5  | Entered Level 5 of the Pits of Slime
 14601 | Slime:5  | Noticed an acid blob
 14603 | Slime:5  | Noticed a formless jellyfish
 14605 | Slime:5  | Noticed a formless jellyfish
 14605 | Slime:5  | Noticed a great orb of eyes
 14618 | Slime:5  | Noticed an acid blob
 14624 | Slime:5  | Noticed a rockslime
 14639 | Slime:5  | Noticed a rockslime
 14643 | Slime:5  | Noticed a quicksilver ooze
 14644 | Slime:5  | Noticed an acid blob
 14682 | Slime:5  | Noticed an azure jelly
 14687 | Slime:5  | Noticed a rockslime
 14691 | Slime:5  | Noticed an acid blob
 14732 | Slime:5  | Noticed an acid blob
 14738 | Slime:5  | Noticed an acid blob
 14739 | Slime:5  | Noticed an acid blob
 14752 | Slime:5  | Noticed a formless jellyfish
 14755 | Slime:5  | Noticed an acid blob
 14786 | Slime:5  | Noticed the Royal Jelly
 14804 | Slime:5  | Noticed a great orb of eyes
 14806 | Slime:5  | Found a viscous altar of Jiyva.
 14810 | Slime:5  | Noticed a great orb of eyes
 14811 | Slime:5  | Noticed an acid blob
 14814 | Slime:5  | Noticed a great orb of eyes
 14818 | Slime:5  | Identified the staff "Ubebi" {Fragile rElec rC- Will+++
                  | Stlth+ Air}
 14823 | Slime:5  | Identified the staff "Ufi Heh" {rF+ Will+ rCorr Int+3 Fire}
 14825 | Slime:5  | Got a slimy rune of Zot
 14831 | Slime:5  | Identified the +2 short sword of Amortisation {flame, Will+
                  | Str-2 Int+3 SInv}
 14840 | Slime:5  | Got a worn book
 14842 | Slime:5  | Identified the +6 war axe of Cruel Justice {flame, rF-
                  | Str+4 Int+5 Stlth+}
 14980 | Slime:5  | Noticed a quicksilver ooze
 15544 | Lair:4   | Reached skill level 12 in Fighting
 15612 | Lair:4   | Reached XP level 13. HP: 86/86 MP: 32/32
 15756 | Lair:4   | Killed Snorg
 15872 | Lair:5   | Entered Level 5 of the Lair of Beasts
 15886 | Lair:5   | Lost mutation: You have a pair of small horns on your head.
                  | [Jiyva's grace]
 15886 | Lair:5   | Lost mutation: Your pliable body absorbs attacks. (AC +2,
                  | EV +2) [Jiyva's grace]
 15886 | Lair:5   | Gained mutation: You are strong-willed. (Will+) [Jiyva's
                  | grace]
 15886 | Lair:5   | Gained mutation: You are highly strong-willed. (Will++)
                  | [Jiyva's grace]
 15886 | Lair:5   | Gained mutation: You are extremely strong-willed. (Will+++)
                  | [Jiyva's grace]
 15886 | Lair:5   | Gained mutation: You are partially covered in iridescent
                  | scales. (AC +2) [Jiyva's grace]
 15947 | Lair:5   | Reached skill level 1 in Earth Magic
 16223 | Lair:5   | Noticed Urug
 16241 | Lair:5   | Killed Urug
 16433 | Lair:5   | Noticed Josephine
 16452 | Lair:5   | Killed Josephine
 16494 | Lair:5   | Reached skill level 13 in Fighting
 16824 | Lair:5   | Learned a level 4 spell: Cause Fear
 16828 | Lair:5   | Learned a level 3 spell: Swiftness
 16879 | Lair:5   | Reached skill level 1 in Air Magic
 17425 | Lair:5   | Was placed under penance by Jiyva
 17438 | Lair:5   | Reached skill level 14 in Fighting
 17438 | Lair:5   | Reached XP level 14. HP: 40/96 MP: 33/33
 17497 | Lair:5   | Gained mutation: You sometimes lose your temper in combat.
                  | [mutagenic glow]
 17512 | Lair:5   | Gained mutation: Your spells are a little easier to cast,
                  | but a little less powerful. [mutagenic glow]
 17533 | Lair:5   | Lost mutation: Your rubbery body absorbs attacks. (AC +1,
                  | EV +1) [the all-consuming vengeance of Jiyva]
 17539 | Lair:5   | Gained mutation: You have hidden genetic defects.
                  | [mutagenic glow]
 17556 | Lair:5   | Gained mutation: You are vulnerable to heat. (rF-)
                  | [mutagenic glow]
 17629 | Lair:5   | Lost mutation: Your translucent skin reduces your foes'
                  | accuracy. (Stealth+) [the all-consuming vengeance of Jiyva]
 17986 | Lair:5   | Lost mutation: You have a considerably increased reservoir
                  | of magic. (+20% MP) [the all-consuming vengeance of Jiyva]
 18406 | Lair:5   | Identified the ring "Piebeez" {rN+ MP+9 Int-5 Dex+3 SInv}
 19714 | D:11     | Was forgiven by Jiyva
 19731 | D:11     | Found Haoxexer's Book Boutique.
 19819 | D:11     | Found Zeppah's General Store.
 19827 | D:11     | Bought a scroll of teleportation for 39 gold pieces
 19952 | D:11     | Found Jutuixt's Armour Shop.
 19959 | D:11     | Bought a +2 helmet of see invisible for 279 gold pieces
 20174 | D:12     | Found a staircase to the Orcish Mines.
 20297 | D:11     | Gained mutation: You do not regenerate when monsters are
                  | visible. [hidden defects]
 20680 | D:12     | Reached skill level 10 in Spellcasting
 20705 | D:12     | Lost mutation: You are partially covered in iridescent
                  | scales. (AC +2) [Jiyva's grace]
 20705 | D:12     | Lost mutation: Your mind is very acute. (Int +8, Str/Dex
                  | -2) [Jiyva's grace]
 20705 | D:12     | Lost mutation: You are extremely strong-willed. (Will+++)
                  | [Jiyva's grace]
 20705 | D:12     | Lost mutation: Your spells are a little easier to cast, but
                  | a little less powerful. [Jiyva's grace]
 20705 | D:12     | Lost mutation: You are vulnerable to heat. (rF-) [Jiyva's
                  | grace]
 20705 | D:12     | Gained mutation: Your flesh is heat resistant. (rF+)
                  | [Jiyva's grace]
 20705 | D:12     | Gained mutation: Your flesh is very heat resistant. (rF++)
                  | [Jiyva's grace]
 20705 | D:12     | Gained mutation: Your flesh is almost immune to the effects
                  | of heat. (rF+++) [Jiyva's grace]
 20705 | D:12     | Gained mutation: You have sharp toenails. [Jiyva's grace]
 21044 | D:13     | You fall into a shaft and drop 2 floors!
 21044 | D:15     | Entered Level 15 of the Dungeon
 21057 | D:15     | Learned a level 2 spell: Ensorcelled Hibernation
 21103 | D:15     | Was placed under penance by Jiyva
 21464 | D:15     | Found a portal to a secret trove of treasure.
 21484 | D:15     | Found an ornate altar of the Wu Jian Council.
 21546 | D:15     | HP: 3/96 [mirror damage (3)]
 22282 | D:15     | Gained mutation: Your body sometimes deteriorates upon
                  | taking damage. [hidden defects]
 22282 | D:15     | Lost mutation: You have hidden genetic defects. [hidden
                  | defects expressed]
 22361 | D:14     | Lost mutation: Your translucent skin slightly reduces your
                  | foes' accuracy. (Stealth+) [the all-consuming vengeance of
                  | Jiyva]
 22516 | D:15     | Noticed a ghost moth
 22972 | D:15     | Found a staircase to the Depths.
 23180 | D:15     | Was forgiven by Jiyva
 24537 | D:14     | Found a gate to the Vaults.
 24594 | D:14     | Reached XP level 15. HP: 98/101 MP: 33/33
 24958 | D:13     | Reached skill level 15 in Fighting
 25767 | D:13     | Lost mutation: You sometimes lose your temper in combat.
                  | [Jiyva's grace]
 25767 | D:13     | Lost mutation: Your flesh is almost immune to the effects
                  | of heat. (rF+++) [Jiyva's grace]
 25767 | D:13     | Lost mutation: Your muscles are very strong. (Str +8,
                  | Int/Dex -2) [Jiyva's grace]
 25767 | D:13     | Gained mutation: You have a small jelly attached to you
                  | that may absorb projectiles. [Jiyva's grace]
 25767 | D:13     | Gained mutation: Your melee attacks may engulf your foes in
                  | ooze. [Jiyva's grace]
 25767 | D:13     | Gained mutation: Your spells are a little harder to cast,
                  | but a little more powerful. [Jiyva's grace]
 25767 | D:13     | Gained mutation: Your spells are harder to cast, but more
                  | powerful. [Jiyva's grace]
 26433 | Orc:1    | Entered Level 1 of the Orcish Mines
 26966 | Orc:2    | Entered Level 2 of the Orcish Mines
 26983 | Orc:1    | Was placed under penance by Jiyva
 27181 | Orc:1    | Lost mutation: You have a small jelly attached to you that
                  | may absorb projectiles. [the all-consuming vengeance of
                  | Jiyva]
 27320 | Orc:2    | Found Jowyxyts's Distillery.
 27330 | Orc:2    | Bought a potion of curing for 48 gold pieces
 27465 | Orc:2    | Was forgiven by Jiyva
 27494 | Orc:2    | Noticed Nergalle
 27511 | Orc:2    | Killed Nergalle
 27913 | Orc:2    | Found a staircase to the Elven Halls.
 28103 | Orc:2    | Found Pulanoc's Antique Weapon Boutique.
 28355 | Orc:2    | Found Aqaemmio's General Store.
 28371 | Orc:2    | Found Soxzuawn's Antique Weapon Shop.
 28387 | Orc:2    | Found Bochutod's Jewellery Shop.
 28475 | Orc:2    | Found Xauff's Antique Armour Shop.
 28718 | Orc:2    | Bought a +3 arbalest for 322 gold pieces
 28794 | Orc:2    | Bought a pair of glowing boots for 165 gold pieces
 29039 | Swamp:1  | Entered Level 1 of the Swamp
 29040 | Swamp:1  | Noticed a fenstrider witch
 29053 | Swamp:1  | Killed a fenstrider witch
 29245 | Swamp:1  | Noticed Roxanne
 29721 | Swamp:1  | HP: 2/104 [swamp worm (17)]
 29725 | Swamp:1  | Killed Roxanne
 29726 | Swamp:1  | Reached skill level 16 in Fighting
 29955 | Swamp:1  | Noticed Nikola
 29957 | Swamp:1  | Reached skill level 15 in Ranged Weapons
 29981 | Swamp:1  | Killed from afar by Nikola

Illustrated notes

Levels and vault maps discovered:
D:1:      lightli_arrival_quake, layout_basic,
          dreamdust_ecumenical_altar_statues, minmay_close_crescents
D:2:      cheibrodos_greedy_goblins, layout_loops_corners, serial_shops, shop,
          hangedman_decor_peaks_small, cheibrodos_gnoll_hut, uniq_terence
D:3:      layout_rooms, lemuel_coloured_pillars_altar,
          lemuel_zombie_altar_yredelemnul, gammafunk_ghost_grave
D:4:      layout_loops_cross, mainiacjoe_overflow_two_lobes,
          nemelex_spade_bored_becter, minmay_temple_entry_statues_fountains
D:5:      layout_basic, nicolae_elyvilon_peaceful_grove, nrook_campfire
D:6:      layout_rooms, worldfamousw_hep_ancestral_shrine, serial_shops,
          nicolae_take_the_stairs, grunt_ministairs_5, hangedman_decor_push,
          uniq_blork_the_orc
D:7:      layout_basic, due_unseen_surprise
D:8:      layout_rooms, nicolae_uskayaw_dance_studio,
          nicolae_kikubaaqudgha_miasma_corner, minmay_lair_entry_grove,
          enter_bailey_7, st_stairs_10
D:9:      layout_roguey
D:10:     layout_big_octagon, nzn_makhleb_speed_demon
D:11:     layout_irregular_city, serial_shops, shop, nicolae_shop_crystal, shop
D:12:     layout_long_grid, orc_0_dummy
D:13:     layout_stronghold, serial_shops, bzr_entry_lakeside
D:14:     layout_basic, david_vaults_1, hangedman_decor_slide_cut,
          nicolae_doodle_vault
D:15:     hangedman_depths_entry_civil_slaughter, layout_basic,
          nicolae_trove_entry_crossroad, grunt_decor_mini_mirrors,
          nicolae_wu_jian_wuxing_cycle
Temple:   hellmonk_temple_flake
Lair:1:   layout_cave_pods, st_stairs_5, chequers_serial_rivers_large_b,
          lemuel_fruit_tree, serial_bayou_shore_b, serial_bayou_shore_a,
          grunt_megastairs_5, uniq_joseph
Lair:2:   layout_regular_city, nicolae_swamp_entry_spooky,
          guppyfry_snake_entry_island, serial_bayou_pond_d,
          cheibrodos_lair_lostbears
Lair:3:   layout_regular_city
Lair:4:   layout_roguey, nicolae_slime_entry_slimehenge, uniq_snorg
Lair:5:   grunt_lair_end_beastmaster, layout_regular_city, st_stairs_3,
          uniq_josephine, uniq_urug
Swamp:1:  layout_falls_marsh, nicolae_swamp_treefoil, uniq_roxanne, uniq_nikola
Slime:1:  layout_caves, nicolae_slime_getting_an_eyeful
Slime:2:  layout_caves
Slime:3:  layout_caves
Slime:4:  cheibrodos_slime_lost_civilization_10, layout_caves
Slime:5:  slime_pit_nicolae_royal_road_to_ruin
Orc:1:    layout_caves
Orc:2:    grunt_orc_cross, layout_diamond_mine, serial_shops,
          nicolae_shop_tiny_statue_garden, shop, basic_altar

Skill      XL: |  1  2  3  4  5  6  7  8  9 10 11 12 13 14 15 |
---------------+----------------------------------------------+-----
Ranged Weapons | 3 4 5 6 8 9 10 12 14 15 | 15.0
Stealth        | 1 2 |  2.0
Spellcasting   | 3 6 8 10 | 10.0
Fighting       | 3 4 5 8 10 12 14 16 | 16.0
Dodging        | 4 7 8 9 10 14 | 14.0
Hexes          | 6 7 10 12 14 | 14.0
Fire Magic     | 3 |  3.0
Translocations | 2 5 |  5.0
Earth Magic    | 3 |  3.0
Air Magic      | 3 |  3.0

Action                     |  1- 3 |  4- 6 |  7- 9 | 10-12 | 13-15 || total
---------------------------+-------+-------+-------+-------+-------++-------
  Melee: Sling             |       |     2 |     2 |       |       ||     4
         Kick              |       |     1 |       |       |       ||     1
   Fire: Sling             |    86 |   173 |   320 |   911 |  1607 ||  3097
         Arbalest          |       |       |       |       |   195 ||   195
   Cast: Jinxbite          |     1 |    12 |    34 |    86 |   165 ||   298
         Sigil of Binding  |       |     5 |     5 |     9 |     3 ||    22
         Inner Flame       |       |       |       |     9 |    54 ||    63
         Dimensional Bulls |       |       |       |     2 |    38 ||    40
         Leda's Liquefacti |       |       |       |     1 |    22 ||    23
         Ensorcelled Hiber |       |       |       |       |     3 ||     3
         Swiftness         |       |       |       |       |     3 ||     3
         Cause Fear        |       |       |       |       |     2 ||     2
 Invoke: Oozemancy         |       |       |       |     7 |    13 ||    20
  Evoke: Phial of floods   |       |       |       |       |     1 ||     1
    Use: Scroll            |       |       |     1 |     5 |    10 ||    16
         Potion            |       |       |       |       |     7 ||     7
 Armour: Robe              |    20 |    69 |    80 |   244 |   527 ||   940
  Dodge: Dodged            |    18 |    78 |    78 |   565 |  1228 ||  1967
  Block: Buckler           |       |       |    18 |   126 |   254 ||   398

Table legend: (Time is in decaauts)
 A = Elapsed time spent in this place.
 B = Non-inter-level travel time spent in this place.
 C = Inter-level travel time spent in this place.
 D = Time resting spent in this place.
 E = Time spent auto-exploring this place.
 F = Levels seen in this place.
 G = Mean time per level.
                   A        B        C        D        E       F      G
               +--------+--------+--------+--------+--------+-----+--------+
         Total |  29642 |  27592 |   2050 |   4700 |  15679 |  30 |  988.1 |
       Dungeon |  16493 |  14989 |   1504 |   2680 |   9020 |  15 | 1099.5 |
        Temple |      1 |      1 |      0 |      0 |      0 |   1 |    1.0 |
          Lair |   7884 |   7474 |    410 |   1429 |   3756 |   5 | 1576.8 |
         Swamp |    965 |    965 |      0 |    227 |    375 |   1 |  965.0 |
    Slime Pits |   1704 |   1666 |     38 |      0 |   1386 |   5 |  340.8 |
  Orcish Mines |   2258 |   2163 |     95 |    346 |   1104 |   2 | 1129.0 |
        Bailey |    335 |    335 |      0 |     18 |     38 |   1 |  335.0 |
               +--------+--------+--------+--------+--------+-----+--------+

Top non-repeatable levels by time:
    D:15: 3043 daAuts
  Lair:5: 2711 daAuts
  Lair:1: 1756 daAuts
  Lair:2: 1526 daAuts
   Orc:2: 1419 daAuts
     D:9: 1340 daAuts
    D:11: 1235 daAuts
     D:8: 1173 daAuts
    D:13: 1099 daAuts
    D:14: 1085 daAuts
  Lair:4: 1068 daAuts
    D:12: 1043 daAuts
     D:2: 973 daAuts
     D:1: 970 daAuts
 Swamp:1: 965 daAuts
